 Dungeon Crawl Stone Soup version 0.27.0-65-ge2af304b15 (webtiles) character file.

Game seed: 16682086877189141988

1712 Amplified the Poker (level 8, -1/69 HPs)
             Began as a Demigod Gladiator on Aug 18, 2021.
             Slain by a vampire mosquito (9 damage)
             ... on level 7 of the Dungeon.
             The game lasted 00:09:29 (7801 turns).

Amplified the Poker (Demigod Gladiator)             Turns: 7801, Time: 00:09:29

Health: -1/69      AC:  9    Str: 15    XL:     8   Next: 46%
Magic:  15/17      EV: 13    Int: 18    God:
Gold:   256        SH:  0    Dex: 15    Spells: 13/15 levels left

rFire    + + .     SeeInvis .   m - +3 spear
rCold    . . .     Faith    .   (no shield)
rNeg     . . .     Spirit   .   s - +0 acid dragon scales
rPois    .         Reflect  .   (helmet restricted)
rElec    .         Harm     .   e - +0 cloak
rCorr    +         Rampage  .   n - +0 pair of gloves
Will     .....                  (no boots)
Stlth    +.........             (no amulet)
HPRegen  0.21/turn              k - ring of protection from fire
MPRegen  0.15/turn              p - ring of protection from fire

@: no status effects
A: high mp 1, forlorn, horns 1, sturdy frame 1
a: no special abilities


You were on level 7 of the Dungeon.
You visited 1 branch of the dungeon, and saw 7 of its levels.
You also visited: Sewer.

You collected 256 gold pieces.

Inventory:

Hand Weapons
 a - a +0 trident
 m - a +3 spear (weapon)
Missiles
 g - 36 poisoned darts (quivered)
Armour
 b - the +4 scale mail "Odigurem" {rF+++ Int+2 Dex+6 Slay-5}
   (You found it on level 7 of the Dungeon)

   Int:       It affects your intelligence (+2).
   Dex:       It affects your dexterity (+6).
   Slay:      It affects your accuracy & damage with ranged weapons and melee
   (-5).
   rF:        It renders you almost immune to fire.
 c - a +0 helmet
 e - a +0 cloak (worn)
 n - a +0 pair of gloves (worn)
 s - +0 acid dragon scales (worn)
Jewellery
 k - a ring of protection from fire (left hand)
 p - a ring of protection from fire (right hand)
Wands
 f - a wand of polymorph (2)
Scrolls
 d - 2 scrolls of identify
 h - 6 scrolls of enchant armour
 q - 2 scrolls of noise
Potions
 i - 3 potions of brilliance
 j - 2 potions of flight


   Skills:
 * Level 5.4 Fighting
 * Level 5.8 Polearms
 - Level 1.7 Throwing
 * Level 4.6 Armour
 - Level 3.2 Dodging
 * Level 4.2 Spellcasting


You had 13 spell levels left.
You knew the following spells:

 Your Spells              Type           Power      Damage    Failure   Level
a - Passwall              Tmut/Erth      2%         N/A       24%         2

Your spell library contained the following spells:

 Spells                   Type           Power      Damage    Failure   Level
 Animate Skeleton         Necr           6%         N/A       16%         1
 Freeze                   Ice            12%        1d4       16%         1
 Pain                     Necr           12%        1d4       16%         1
 Sandblast                Erth           6%         2d5       16%         1
 Swiftness                Air            3%         N/A       43%         3
 Airstrike                Air            1%         N/A       85%         4
 Dispel Undead            Necr           3%         3d7       85%         4
 Invisibility             Hex            1%         N/A       100%        6
 Infestation              Necr           1%         N/A       100%        8


Dungeon Overview and Level Annotations

Branches:
Dungeon (7/15)             Temple (0/1) D:4           Sewer (visited)


Innate Abilities, Weirdness & Mutations

Your attributes grow dramatically as you level up.
You have an increased reservoir of magic. (+10% MP)
You shall have no god before yourself.
You have a pair of small horns on your head.
Your movements are slightly less encumbered by armour. (ER -2)


Message History

The orc hits you but does no damage. The orc completely misses you.
The goblin hits you but does no damage.
Unknown command.
The orc priest hits you but does no damage.
The orc closely misses you. The orc hits you with a +0 flail.
Unknown command.
Okay, then.
Sorry, you're not good enough to have a special ability.
Unknown command.
The orc barely misses you.
Your magical contamination has completely faded away.
The vampire mosquito misses you.
The orc priest hits you but does no damage.
Unknown command.
The vampire mosquito bites you.
The vampire mosquito draws strength from your injuries!
The orc hits you but does no damage.
The orc priest invokes the aid of Beogh against you.
Beogh smites you!
* * * LOW HITPOINT WARNING * * *
The vampire mosquito closely misses you.
The vampire mosquito closely misses you.
The vampire mosquito closely misses you. x2
The goblin barely misses you.
The vampire mosquito closely misses you.
The vampire mosquito barely misses you. The vampire mosquito bites you.
* * * LOW HITPOINT WARNING * * *
The vampire mosquito draws strength from your injuries!
The vampire mosquito bites you but does no damage.
Unknown command.
Okay, then.
Okay, then.
Okay, then.
The vampire mosquito bites you but does no damage.
Okay, then.
Okay, then.
Okay, then.
Okay, then.
The vampire mosquito bites you!
You die...

,***,,** ##.#,,,,,,,*
,***,,,***** ##..##,,...**
,,,,,,,,,,,* ##....##...#*
,***,*,***,* #......##.####
,,,,,,,,,<,* #..).........#
****,,,,**** #......)...#.#
,,**,,*,,* #..........#.#
,,**,,**,###########og...(....#.#
,,*,,,,,,.......@yygoo.......##.#
,,,,,,**,#####.#####oo........#..
,,,,,,**,***..,,,.........>...##.
,,,**,**,,,#.,***#............##.
**,**,****..,,*,,#..####......##.
,,,,*,,* ##,,,*,,#..*,,#......##.
,,,,,*,* *,,,**'#..',,#......##.
,,,*,,,****,,,*,,*,,####....#.###
,,,**,,,,**,,,*,,',.........#..y#


You could see 2 vampire mosquitoes, 5 orcs and 2 goblins.

Vanquished Creatures
  Sigmund (D:4)
  Eustachio (D:4)
  Menkaure (D:4)
  A vampire mosquito (D:7)
  2 ogres (D:5)
  Blork the orc (D:5)
  A kobold brigand (Sewer)
  A scorpion (D:5)
  2 howler monkeys (D:7)
  A centaur zombie (D:5)
  2 bullfrog zombies
  A gnoll shaman (D:5)
  2 centaur skeletons
  2 jellies (D:6)
  A bullfrog skeleton (D:5)
  2 hounds
  3 iguanas
  Ijyb (D:4)
  A killer bee zombie (D:5)
  3 hound zombies (D:3)
  2 hound skeletons
  3 gnolls (D:5)
  9 adders
  2 river rats (Sewer)
  An ufetubus (D:4)
  An adder zombie (D:3)
  An adder skeleton (D:4)
  A worm (D:3)
  3 orcs
  3 ball pythons
  6 endoplasms
  5 giant cockroaches
  5 goblins
  5 hobgoblins
  4 jackals
  3 quokkas
  2 bats
  3 frilled lizards
  7 kobolds
  8 rats
104 creatures vanquished.

Vanquished Creatures (others)
  A scorpion (D:6)
  4 plants (D:7)
5 creatures vanquished.

Grand Total: 109 creatures vanquished

Notes
Turn   | Place    | Note
-------+----------+-------------------------------------------
     0 | D:1      | Amplified the Demigod Gladiator began the quest for the
                  | Orb.
     0 | D:1      | Reached XP level 1. HP: 17/17 MP: 3/3
   263 | D:1      | Got Kekliu's Compendium of the Sinister Birds
   976 | D:2      | Reached XP level 2. HP: 22/24 MP: 4/4
  1479 | D:2      | Reached XP level 3. HP: 30/30 MP: 5/5
  1809 | D:3      | Reached XP level 4. HP: 30/37 MP: 5/7
  2237 | D:3      | Reached skill level 1 in Armour
  2237 | D:3      | Reached skill level 1 in Spellcasting
  2924 | D:4      | Reached XP level 5. HP: 28/45 MP: 9/9
  2931 | D:4      | Found a staircase to the Ecumenical Temple.
  2943 | D:4      | Got An Initiation to Witchery
  3104 | D:4      | Found a glowing drain.
  3117 | Sewer    | Entered a sewer
  3395 | Sewer    | Reached XP level 6. HP: 25/51 MP: 11/11
  3655 | D:4      | Noticed Eustachio
  3665 | D:4      | Killed Eustachio
  3717 | D:4      | Learned a level 2 spell: Passwall
  3724 | D:4      | Noticed Sigmund
  3757 | D:4      | Killed Sigmund
  3758 | D:4      | Reached XP level 7. HP: 48/59 MP: 14/14
  3861 | D:4      | Noticed Ijyb
  3877 | D:4      | Killed Ijyb
  4111 | D:4      | Noticed Menkaure
  4120 | D:4      | Killed Menkaure
  4328 | D:5      | Entered Level 5 of the Dungeon
  4697 | D:5      | Reached skill level 5 in Polearms
  5512 | D:5      | Noticed Blork the orc
  5530 | D:5      | Killed Blork the orc
  5531 | D:5      | Reached XP level 8. HP: 22/67 MP: 16/16
  6054 | D:5      | Reached skill level 5 in Fighting
  6783 | D:6      | Noticed Maggie
  6792 | D:6      | Noticed Maggie
  6792 | D:6      | Maggie changed into Maggie the basilisk
  6820 | D:6      | Noticed Maggie
  6820 | D:6      | Maggie the basilisk changed into Maggie the jelly
  6881 | D:6      | Killed Maggie the jelly
  7728 | D:7      | Gained mutation: You have a pair of small horns on your
                  | head. [potion of mutation]
  7728 | D:7      | Gained mutation: Your movements are slightly less
                  | encumbered by armour. (ER -2) [potion of mutation]
  7749 | D:7      | Identified the +4 scale mail "Odigurem" {rF+++ Int+2 Dex+6
                  | Slay-5}
  7801 | D:7      | Slain by a vampire mosquito

Illustrated notes

Levels and vault maps discovered:
D:1:      tarquinn_simple_flora_water_d, layout_basic
D:2:      layout_basic
D:3:      layout_basic, nicolae_yredelemnul_corpse_copse,
          ebering_ecumenical_altar_sacrificial, grunt_decor_cap,
          kennysheep_generic_room_15
D:4:      layout_cave_pools, minmay_temple_entry_mist, gup_sewer_entry_bubbles,
          uniq_ijyb, uniq_menkaure, uniq_sigmund, uniq_eustachio
D:5:      layout_basic, mainiacjoe_overflow_catwalk,
          mainiacjoe_overflow_concentric_impassable,
          nicolae_gozag_cash_rules_everything_around_me,
          gammafunk_temple_overflow_elements, uniq_blork_the_orc
D:6:      layout_loops_ring, fiery_altar_vehumet,
          gammafunk_temple_overflow_forgotten, minmay_misc_feat_hallway,
          uniq_maggie
D:7:      corexii_shack_village, layout_rooms, tgw_sif, lemuel_round_altar,
          minmay_manual_monolith, uniq_pikel

Skill      XL: |  1  2  3  4  5  6  7  8 |
---------------+-------------------------+-----
Fighting       | 2 3 4 5 |  5.4
Dodging        | 3 |  3.2
Polearms       | 3 4 5 |  5.8
Armour         | 1 2 4 |  4.6
Spellcasting   | 1 2 3 4 |  4.2
Throwing       | |  1.7

Action                   |  1- 3 |  4- 6 |  7- 9 || total
-------------------------+-------+-------+-------++-------
Melee: Trident           |    69 |       |       ||    69
       Spear             |    20 |   205 |   314 ||   539
       Headbutt          |       |       |     1 ||     1
Throw: Throwing net      |     1 |     4 |     1 ||     6
       Dart              |       |     2 |    11 ||    13
 Cast: Passwall          |       |       |     2 ||     2
Evoke: Wand              |       |     8 |    13 ||    21
  Use: Scroll            |     4 |     3 |     1 ||     8
       Potion            |       |     6 |     7 ||    13
 Stab: Sleeping          |     4 |     2 |       ||     6
       Held in net/web   |       |     1 |       ||     1
       Paralysed         |       |       |     8 ||     8
Armor: Leather armour    |    30 |    39 |    56 ||   125
       Skin              |       |    28 |       ||    28
       Acid dragon scale |       |       |    32 ||    32
Dodge: Dodged            |    27 |   101 |   155 ||   283
